 Dungeon Crawl Stone Soup version 0.23-a0-141-g456867d (webtiles) character file.

492 galech the Chopper (level 6, -6/48 HPs)
             Began as a Demonspawn Monk on Aug 31, 2018.
             Killed by divine providence
             ... invoked by an orc priest
              (13 damage)
             ... on level 4 of the Dungeon.
             The game lasted 00:06:43 (4330 turns).

galech the Chopper (Demonspawn Monk)                Turns: 4330, Time: 00:06:44

Health: -6/48      AC: 20    Str: 11    XL:     6   Next: 91%
Magic:  0/6        EV:  3    Int: 11    God:
Gold:   255        SH:  0    Dex: 18    Spells: 5/5 levels left

rFire    . . .     SeeInvis .   a - +0 hand axe
rCold    . . .     Gourm    .   (no shield)
rNeg     . . .     Faith    .   l - +0 plate armour
rPois    .         Spirit   +   (no helmet)
rElec    .         Reflect  .   (no cloak)
rCorr    .         Harm     .   k - +1 pair of gloves
MR       .....                  f - +0 pair of boots
Stlth    ..........             (no amulet)
HPRegen  0.16/turn              (no ring)
MPRegen  0.20/turn              (no ring)

@: sanguine armour
A: powered by death 1, magic shield, magic regeneration, sanguine armour 1
a: no special abilities


You were on level 4 of the Dungeon.
You were not hungry.

You visited 1 branch of the dungeon, and saw 4 of its levels.

You collected 255 gold pieces.

Inventory:

Hand Weapons
 a - a +0 hand axe (weapon)
Armour
 f - a +0 pair of boots (worn)
 k - a +1 pair of gloves (worn)
 l - a +0 plate armour (worn)
Wands
 w - a wand of polymorph (30)
 x - a wand of iceblast (9)
Scrolls
 b - a scroll of blinking {unknown}
 d - 3 scrolls of remove curse {unknown}
 g - 5 scrolls of identify {unknown}
 h - a scroll of magic mapping {unknown}
 j - a scroll of random uselessness {unknown}
 p - a scroll of fog {unknown}
 r - 3 scrolls of amnesia {unknown}
 v - a scroll of enchant weapon {unknown}
Potions
 e - 4 potions of curing
 i - 3 potions of heal wounds {unknown}
 m - a potion of haste {unknown}
 n - a potion of agility {unknown}
 o - 2 potions of mutation {unknown}
 q - a potion of might
 s - a potion of brilliance {unknown}
 t - a potion of ambrosia {unknown}
 u - a potion of invisibility {unknown}
Comestibles
 c - 5 rations


   Skills:
 + Level 4.0 Fighting
 + Level 5.2 Axes
 + Level 2.8 Armour
 + Level 3.5 Dodging
 + Level 2.3 Stealth
 + Level 0.1 Unarmed Combat


You had 5 spell levels left.
You didn't know any spells.
Your spell library was empty.

Dungeon Overview and Level Annotations

Branches:
Dungeon (4/15)
 Temple: D:4-7

Altars:
Cheibriados
Kikubaaqudgha
Qazlal
Ru

Annotations:
D:2 1 runed door
D:3 3 runed doors, Oddysee's ghost, amateur GnWn


Innate Abilities, Weirdness & Mutations

You regenerate a little health from kills.
When hurt, damage is shared between your health and your magic reserves.
You regenerate magic rapidly.
When seriously injured, your bleeding wounds create armour. (AC +6)


Message History

You hit the orc priest.
The orc priest is heavily wounded.
You hit the orc. x2
You kill the orc!
The orc hits you but does no damage.
The orc priest calls down the wrath of Beogh upon you.
Beogh smites you!
* * * LOW HITPOINT WARNING * * *
Your plate armour prevents you from hitting the orc priest.
The orc priest is heavily wounded.
You hit the orc.
You kill the orc!
The orc priest hits you.
* * * LOW HITPOINT WARNING * * *
The orc priest hits you but does no damage.
You hit the orc priest.
The orc priest is severely wounded.
The orc priest invokes the aid of Beogh against you.
Beogh smites you!
You die...

..... ..... #####
.....########
##...#######...........
#.....#†...#...........
#.....@)...#.....).....
#.....#o...#........... ######
######..###...#...........
...... #..###..##
...#.......####
.......#........+ ..#..r....#
..)....#........# ..#...@...#
.......#........# .#.......#
.......###'###########.......#
###+##..................r[...#


You could see an orc priest.

Vanquished Creatures
  Eustachio (D:4)
  A bullfrog (D:3)
  A scorpion (D:4)
  A hound (D:4)
  Natasha (thrice) (D:2)
  A worker ant (D:4)
  4 adders
  An ooze (D:3)
  A worm (D:4)
  3 dart slugs
  A leopard gecko (D:3)
  3 orcs
  A ball python (D:4)
  A giant cockroach (D:2)
  5 goblins
  10 hobgoblins
  7 jackals
  5 kobolds
  2 quokkas
  10 bats
  10 frilled lizards
  9 rats
  A bush (D:1)
82 creatures vanquished.

Notes
Turn   | Place    | Note
-------+----------+-------------------------------------------
     0 | D:1      | galech the Demonspawn Monk began the quest for the Orb.
     0 | D:1      | Reached XP level 1. HP: 18/18 MP: 1/1
   105 | D:1      | Gained mutation: When seriously injured, your bleeding
                  | wounds create armour. (AC +6) [demonic ancestry]
   105 | D:1      | Reached XP level 2. HP: 20/24 MP: 2/2
   246 | D:1      | Reached skill level 3 in Axes
  1053 | D:2      | Gained mutation: When hurt, damage is shared between your
                  | health and your magic reserves. [demonic ancestry]
  1053 | D:2      | Reached XP level 3. HP: 29/29 MP: 3/3
  1457 | D:2      | Noticed Natasha
  1465 | D:2      | Killed Natasha
  1543 | D:2      | Gained mutation: You regenerate magic rapidly. [demonic
                  | ancestry]
  1543 | D:2      | Reached XP level 4. HP: 34/35 MP: 4/4
  1748 | D:2      | Found a runed door.
  2059 | D:2      | Noticed Natasha
  2088 | D:2      | Killed Natasha
  2369 | D:2      | Noticed Natasha
  2384 | D:2      | Killed Natasha
  2384 | D:2      | Reached skill level 4 in Axes
  2538 | D:3      | Reached skill level 1 in Armour
  2574 | D:3      | Found a runed gate.
  2574 | D:3      | Found a runed gate.
  2574 | D:3      | Found a runed gate.
  2578 | D:3      | Noticed Oddysee's ghost (amateur GnWn)
  2592 | D:3      | Noticed a bullfrog
  2606 | D:3      | Killed a bullfrog
  2606 | D:3      | Reached XP level 5. HP: 28/41 MP: 3/5
  2786 | D:3      | Found a sacrificial altar of Ru.
  3499 | D:4      | Gained mutation: You regenerate a little health from kills.
                  | [demonic ancestry]
  3499 | D:4      | Reached XP level 6. HP: 47/47 MP: 6/6
  3579 | D:4      | Found a snail-covered altar of Cheibriados.
  3738 | D:3      | Found an ancient bone altar of Kikubaaqudgha.
  3740 | D:3      | Found a stormy altar of Qazlal.
  4036 | D:4      | Noticed Eustachio
  4188 | D:4      | Killed Eustachio
  4188 | D:4      | Reached skill level 5 in Axes
  4330 | D:4      | Killed from afar by an orc priest

Vault maps used:
D:1:      saegor_arrival_miasma, serial_forest, infiniplex_forest_lined_room_,
          infiniplex_forest_clump_tiny, infiniplex_forest_clump_small,
          infiniplex_forest_clump_large, infiniplex_forest_zigzag_2,
          infiniplex_forest_diagonal, infiniplex_forest_lined_ring
D:2:      first_ration, kennysheep_small_spiral, uniq_natasha,
          uniq_crazy_yiuf_cottage
D:3:      nicolae_overflow_hidden_temple, gammafunk_ghost_necromancy,
          nicolae_ru_sacrificial_ziggurat
D:4:      cheibriados_altar_1, uniq_ijyb, uniq_eustachio

Skill      XL: |  1  2  3  4  5  6 |
---------------+-------------------+-----
Dodging        | 3 |  3.5
Axes           | 3 4 5 |  5.2
Stealth        | 2 |  2.3
Armour         | 1 2 |  2.8
Fighting       | 4 |  4.0
Unarmed Combat | |  0.1

Action                   |  1- 3 |  4- 6 || total
-------------------------+-------+-------++-------
Melee: Hand axe          |   345 |   234 ||   579
       Unarmed           |       |    10 ||    10
  Use: Potion            |       |     1 ||     1
 Stab: Sleeping          |     4 |       ||     4
       Confused          |       |     1 ||     1
  Eat: Chunk             |     3 |     9 ||    12
Armor: Robe              |    36 |       ||    36
       Plate armour      |    20 |   283 ||   303
       Skin              |       |     6 ||     6
Dodge: Dodged            |   120 |    67 ||   187

Table legend:
 A = Non-vault XP
 B = Vault XP
 C = Vault XP percentage of total XP
 D = Non-vault monster count
 E = Vault monster count
 F = Vault count percentage of total count
                 A         B        C        D         E       F
            +---------+---------+-------+---------+---------+-------
      Total |     478 |     226 |  32.1 |      79 |       2 |   2.5
            +---------+---------+-------+---------+---------+-------
        D:1 |      38 |       0 |   0.0 |      24 |       0 |   0.0
        D:2 |     102 |      35 |  25.5 |      20 |       1 |   4.8
        D:3 |     171 |       0 |   0.0 |      26 |       0 |   0.0
        D:4 |     167 |     191 |  53.4 |       9 |       1 |  10.0
            +---------+---------+-------+---------+---------+-------
